[Event "Titled Tuesday Blitz January 31 Late 2023"]
[White "Harish, Neeraj"]
[Black "Corredor Castellanos, Camilo"]
[WhiteFideId "30958130"]
[BlackFideId "4425871"]
[WhiteElo "2232"]
[BlackElo "1957"]
[Result "0-1"]
[Round "08"]
[TimeControl "180+2"]
[Date "2023.01.31"]
[WhiteClock "0:00:50"]
[BlackClock "0:01:48"]

1. e4 c5 2. Nf3 d6 3. d4 cxd4 4. Nxd4 Nf6 5. Nc3 a6 6. Be3 Ng4 7. Bg5 h6 8. Bh4 g5 9. Bg3 Nf6 10. Qd2 Nbd7 11. O-O-O Nh5 12. Be2 Nxg3 13. hxg3 Bg7 14. Kb1 Nc5 15. f4 gxf4 16. gxf4 b5 17. Nb3 Na4 18. Nxa4 bxa4 19. Nd4 Rb8 20. c3 Qb6 21. g4 a5 22. e5 dxe5 23. Nc6 Bf5+ 24. gxf5 Qxc6 25. fxe5 a3 26. b3 Bxe5 27. Bc4 a4 28. Rxh6 Rxh6 0-1


[Site "https://www.chess.com"]

[Event "Titled Tuesday Blitz January 31 Late 2023"]
[White "Good, Daniel"]
[Black "Almedina Ortiz, Edgardo J."]
[WhiteFideId "1302388"]
[BlackFideId "3100197"]
[WhiteElo "2141"]
[BlackElo "2156"]
[Result "1-0"]
[Round "08"]
[TimeControl "180+2"]
[Date "2023.01.31"]
[WhiteClock "0:00:04"]
[BlackClock "0:00:02"]

1. e4 c5 2. Nf3 e6 3. d4 cxd4 4. Nxd4 Nc6 5. Be3 Nf6 6. Nc3 Bb4 7. Be2 Nxe4 8. Nxc6 bxc6 9. Qd4 Bxc3+ 10. bxc3 Qf6 11. O-O Nxc3 12. Bf3 Nd5 13. Bxd5 cxd5 14. Qb4 Ba6 15. Rfe1 Qg6 16. Bc1 f5 17. Ba3 Qf6 18. Qd6 Bb5 19. Rab1 a6 20. Bb2 Qe7 21. Qe5 O-O 22. a4 Bxa4 23. Ra1 Bb5 24. Ba3 Qf6 25. Bxf8 Qxe5 26. Rxe5 Kxf8 27. h3 Rc8 28. Ra2 Bc4 29. Rb2 Ra8 30. g4 1-0


[Site "https://www.chess.com"]

[Event "Titled Tuesday Blitz January 31 Late 2023"]
[White "Romero Ruscalleda, Josep"]
[Black "Wilson, Elvin"]
[WhiteFideId "2231859"]
[BlackFideId "2014874"]
[WhiteElo "2160"]
[BlackElo "2183"]
[Result "0-1"]
[Round "08"]
[TimeControl "180+2"]
[Date "2023.01.31"]
[WhiteClock "0:00:01"]
[BlackClock "0:00:06"]

1. e4 e6 2. d4 d5 3. e5 c5 4. c3 Nc6 5. Be3 Nh6 6. Nf3 Nf5 7. Bd3 cxd4 8. cxd4 Qb6 9. Qd2 Bd7 10. Bxf5 exf5 11. Nc3 Be6 12. O-O h6 13. h4 Be7 14. Rac1 Qa5 15. a3 Kd7 16. Rc2 Rhc8 17. Rfc1 Qa6 18. Ne2 Na5 19. Nf4 Nb3 20. Qd1 Nxc1 21. Rxc1 Rxc1 22. Qxc1 Rc8 23. Qd2 Qc4 24. Nh5 Bf8 25. Kh2 b6 26. Ne1 a5 27. Nd3 Qc2 28. Nc5+ Rxc5 29. dxc5 Qxd2 30. Bxd2 bxc5 31. Bxa5 Kc6 32. a4 d4 33. Nf4 Bb3 34. Bd2 Bxa4 35. g3 Bc2 36. e6 g5 37. hxg5 hxg5 38. Nh3 fxe6 39. Bxg5 Kd5 40. Nf4+ Kd6 41. Bd8 e5 42. Ng6 Bg7 43. Be7+ Kd5 44. Kg2 e4 45. Nf4+ Kc4 46. Kf1 Bd1 47. Ke1 Bf3 48. Kd2 Be5 49. Ng6 Bc7 50. Nf8 Ba5+ 51. Kc2 d3+ 52. Kb1 Kd5 53. Bg5 Be1 54. Be3 c4 55. Ng6 Bb4 56. Nf4+ Kc6 57. Ne6 Bd6 58. Nd4+ Kd5 59. Nxf3 exf3 60. Kc1 Be5 61. Bg5 Bd4 62. Bd2 Bxf2 63. Bf4 Be1 64. Kd1 f2 0-1


[Site "https://www.chess.com"]

[Event "Titled Tuesday Blitz January 31 Late 2023"]
[White "rikchessmx"]
[Black "Sailer, Mike"]
[BlackFideId "2012901"]
[WhiteElo "2287"]
[BlackElo "2109"]
[Result "1-0"]
[Round "08"]
[TimeControl "180+2"]
[Date "2023.01.31"]
[WhiteClock "0:02:04"]
[BlackClock "0:01:28"]

1. e4 d5 2. exd5 Qxd5 3. Nc3 Qd6 4. Nf3 Nf6 5. Bc4 c6 6. d3 Bg4 7. h3 Bh5 8. g4 Bg6 9. Qe2 e6 10. Ne5 Nbd7 11. f4 Be7 12. Bd2 Nd5 13. O-O-O Nxc3 14. Bxc3 Nxe5 15. Bxe5 Qb4 16. Bxg7 Rg8 17. Bc3 Qa4 18. Rde1 O-O-O 19. f5 exf5 20. Qxe7 fxg4 21. hxg4 Rge8 22. Qf6 Rxe1+ 23. Rxe1 b5 24. Bxf7 Bxf7 25. Qxf7 Qxg4 26. Qxa7 1-0


[Site "https://www.chess.com"]

[Event "Titled Tuesday Blitz January 31 Late 2023"]
[White "Tarnowska, Aleksandra"]
[Black "Rose, Felix"]
[WhiteFideId "1180967"]
[BlackFideId "5105722"]
[WhiteElo "1835"]
[BlackElo "2091"]
[Result "1/2-1/2"]
[Round "08"]
[TimeControl "180+2"]
[Date "2023.01.31"]
[WhiteClock "0:00:03"]
[BlackClock "0:00:08"]

1. e4 e5 2. Nf3 Nc6 3. Bb5 a6 4. Ba4 Nf6 5. O-O Be7 6. Re1 b5 7. Bb3 d6 8. h3 Na5 9. c3 Nxb3 10. axb3 Bb7 11. d3 h6 12. Nbd2 O-O 13. Nf1 Re8 14. Ng3 Bf8 15. Nf5 d5 16. exd5 Qxd5 17. Qc2 Rad8 18. d4 e4 19. Ne3 Qh5 20. Nh2 Bd6 21. Qe2 Qxe2 22. Rxe2 h5 23. Nf5 Bf8 24. Bg5 Rd5 25. Bxf6 Rxf5 26. Be5 c5 27. Nf1 Rg5 28. Bf4 Rg6 29. Ne3 cxd4 30. cxd4 Rd8 31. Rd1 Bb4 32. Rc2 Rf6 33. Bg5 Rfd6 34. Bxd8 Rxd8 35. Rc7 Bc8 36. d5 f5 37. Rdc1 Bd7 38. Ra7 f4 39. Nd1 a5 40. Rcc7 e3 41. fxe3 fxe3 42. Nxe3 Re8 43. Rxd7 Rxe3 44. Rxg7+ Kh8 45. Rh7+ Kg8 46. Rhg7+ Kh8 47. Rgf7 Kg8 48. Rg7+ 1/2-1/2


[Site "https://www.chess.com"]

[Event "Titled Tuesday Blitz January 31 Late 2023"]
[White "Kohler, Aran"]
[Black "Vargas, Mauricio"]
[WhiteFideId "1002856"]
[BlackFideId "4404572"]
[WhiteElo "2010"]
[BlackElo "2035"]
[Result "1-0"]
[Round "08"]
[TimeControl "180+2"]
[Date "2023.01.31"]
[WhiteClock "0:02:23"]
[BlackClock "0:01:54"]

1. e4 c6 2. d4 d5 3. e5 Bf5 4. Nc3 e6 5. g4 Bg6 6. Nge2 h6 7. Be3 Nd7 8. h4 c5 9. f4 cxd4 10. Nxd4 b6 11. f5 Bh7 12. Bb5 Be7 13. fxe6 Bxh4+ 14. Kd2 fxe6 15. Nxe6 Qe7 16. Nc7+ Kd8 17. Nxa8 Nxe5 18. Nxd5 Nd7 19. Nxe7 Nxe7 20. Kc1 Bf6 21. Qxd7# 1-0


[Site "https://www.chess.com"]

[Event "Titled Tuesday Blitz January 31 Late 2023"]
[White "Prohorov, Olexandr"]
[Black "Vaglio Munoz, Jaime"]
[WhiteFideId "14105578"]
[BlackFideId "6500145"]
[WhiteElo "2086"]
[BlackElo "2174"]
[Result "1/2-1/2"]
[Round "08"]
[TimeControl "180+2"]
[Date "2023.01.31"]
[WhiteClock "0:02:09"]
[BlackClock "0:02:01"]

1. e4 c5 2. c3 d5 3. exd5 Qd6 4. d4 Nf6 5. dxc5 Qxc5 6. c4 b5 7. Be3 Qb4+ 8. Qd2 Na6 9. a3 Qxd2+ 10. Nxd2 bxc4 11. Bxc4 Bb7 12. d6 exd6 13. Ngf3 Be7 14. O-O O-O 15. Rfe1 d5 16. Ba2 Bc5 17. b4 Bxe3 18. Rxe3 Rac8 19. Rae1 1/2-1/2


[Site "https://www.chess.com"]

[Event "Titled Tuesday Blitz January 31 Late 2023"]
[White "Yu, Yangyi"]
[Black "Dubov, Daniil"]
[WhiteFideId "8603820"]
[BlackFideId "24126055"]
[WhiteElo "2729"]
[BlackElo "2708"]
[Result "1/2-1/2"]
[Round "09"]
[TimeControl "180+2"]
[Date "2023.01.31"]
[WhiteClock "0:02:32"]
[BlackClock "0:02:42"]

1. Nf3 d5 2. g3 g6 3. Bg2 Bg7 4. d4 Nf6 5. c4 c6 6. Qa4 O-O 7. O-O dxc4 8. Qxc4 b5 9. Qc3 Bf5 10. Nbd2 a5 11. Re1 Ne4 1/2-1/2


[Site "https://www.chess.com"]

[Event "Titled Tuesday Blitz January 31 Late 2023"]
[White "Deac, Bogdan-Daniel"]
[Black "Andreikin, Dmitry"]
[WhiteFideId "1226380"]
[BlackFideId "4158814"]
[WhiteElo "2700"]
[BlackElo "2729"]
[Result "1-0"]
[Round "09"]
[TimeControl "180+2"]
[Date "2023.01.31"]
[WhiteClock "0:00:04"]
[BlackClock "0:00:17"]

1. d4 d5 2. c4 e6 3. Nc3 a6 4. cxd5 exd5 5. a3 h6 6. Bf4 Nf6 7. e3 c5 8. Nge2 Nc6 9. g3 Bg4 10. Bg2 cxd4 11. exd4 Bd6 12. Qd2 O-O 13. O-O Bxe2 14. Nxe2 Re8 15. Qd3 Re7 16. Be3 Qd7 17. Nc3 Bc7 18. Na4 Rae8 19. Nc5 Qc8 20. Rac1 Bd6 21. b4 Bxc5 22. dxc5 Ne5 23. Qd1 Qf5 24. Bd4 Ne4 25. Bxe5 Rxe5 26. Qd4 h5 27. h4 g5 28. hxg5 h4 29. gxh4 Qg4 30. f3 Qxh4 31. fxe4 Rxg5 32. Qf6 Re7 33. Rf5 Rxg2+ 34. Kxg2 Qg4+ 35. Kh2 Qe2+ 36. Rf2 Qh5+ 37. Kg1 Rxe4 38. Rg2+ Kf8 39. Qd8+ Re8 40. Qd6+ Re7 41. Re1 Qh4 42. Qxe7+ 1-0


[Site "https://www.chess.com"]

[Event "Titled Tuesday Blitz January 31 Late 2023"]
[White "Caruana, Fabiano"]
[Black "Mosadeghpour, Masoud"]
[WhiteFideId "2020009"]
[BlackFideId "12519278"]
[WhiteElo "2764"]
[BlackElo "2472"]
[Result "1/2-1/2"]
[Round "09"]
[TimeControl "180+2"]
[Date "2023.01.31"]
[WhiteClock "0:00:12"]
[BlackClock "0:00:21"]

1. e4 e5 2. Nf3 Nf6 3. Nxe5 d6 4. Nf3 Nxe4 5. Nc3 Nxc3 6. dxc3 Be7 7. Be3 O-O 8. Qd2 Nd7 9. O-O-O c5 10. Bc4 Nb6 11. Bd3 Be6 12. Kb1 Nc4 13. Bxc4 Bxc4 14. Bf4 Qa5 15. a3 Rad8 16. Rhe1 Bf6 17. Bg5 Bxg5 18. Nxg5 d5 19. Qf4 h6 20. Nf3 Qa4 21. g3 Rfe8 22. Ne5 d4 23. cxd4 cxd4 24. Qd2 Be6 25. Qb4 Qxb4 26. axb4 Bf5 27. Kc1 Rc8 28. Rd2 f6 29. Nf3 d3 30. Rxe8+ Rxe8 31. cxd3 Rc8+ 32. Kb1 Rc4 33. b5 Rb4 34. Kc2 Rxb5 35. Kc3 Rc5+ 36. Kd4 Rc7 37. Ke3 Re7+ 38. Kd4 Rd7+ 39. Ke3 Re7+ 40. Kd4 Rd7+ 41. Ke3 Kf7 42. Nd4 Bh7 43. f4 Re7+ 44. Kf2 Rd7 45. Ke3 h5 46. b4 a6 47. Nb3 Re7+ 48. Kf2 b6 49. Nd4 Rd7 50. Ke3 Re7+ 51. Kf2 Rd7 52. Ke3 a5 53. bxa5 bxa5 54. Ra2 Re7+ 55. Kd2 Rd7 56. Ra4 Rd5 57. Kc3 g5 58. fxg5 fxg5 59. Kc4 Re5 60. Nc6 Re2 61. Rxa5 Rc2+ 62. Kd5 Rxh2 63. Ne5+ Kf6 64. Ra7 Bg8+ 65. Kd4 Rg2 66. Ra8 Be6 67. Rf8+ Ke7 68. Rf3 h4 69. Ng6+ Kd6 70. gxh4 gxh4 71. Nf4 Rg4 72. Ke3 Bd5 73. Nxd5 Kxd5 74. Rf5+ Ke6 75. Rh5 1/2-1/2


[Site "https://www.chess.com"]

[Event "Titled Tuesday Blitz January 31 Late 2023"]
[White "Babazada, Khazar"]
[Black "Carlsen, Magnus"]
[WhiteFideId "13413554"]
[BlackFideId "1503014"]
[WhiteElo "2474"]
[BlackElo "2853"]
[Result "0-1"]
[Round "09"]
[TimeControl "180+2"]
[Date "2023.01.31"]
[WhiteClock "0:01:12"]
[BlackClock "0:00:30"]

1. e4 c5 2. Nf3 e6 3. d4 cxd4 4. Nxd4 Nc6 5. Nc3 Qc7 6. g3 a6 7. Bg2 Nf6 8. O-O Nxd4 9. Qxd4 Bc5 10. Qd3 d6 11. Be3 Bxe3 12. Qxe3 e5 13. Rad1 Be6 14. h3 Rc8 15. f4 h6 16. Rd2 Ke7 17. Rfd1 Rhd8 18. fxe5 dxe5 19. Rxd8 Rxd8 20. Rxd8 Kxd8 21. Kf2 Ke7 22. a3 Ne8 23. g4 Nd6 24. Bf1 a5 25. g5 h5 26. h4 g6 27. Bd3 Qc6 28. Qa7 Qc7 29. Ke2 f6 30. Qf2 fxg5 31. hxg5 Ne8 32. Nd5+ Bxd5 33. exd5 Qd6 34. c4 b6 35. Qf3 Ng7 36. Qh3 Qc5 37. Qe3 Qd6 38. Qh3 Kf7 39. Qc8 e4 40. Bxe4 Qe5 41. Kd3 Qg3+ 42. Kd4 Qxg5 43. Qc7+ Kg8 44. Qxb6 Qg1+ 0-1


[Site "https://www.chess.com"]

[Event "Titled Tuesday Blitz January 31 Late 2023"]
[White "Zierk, Steven"]
[Black "Terry, Renato"]
[WhiteFideId "2034255"]
[BlackFideId "3803457"]
[WhiteElo "2488"]
[BlackElo "2520"]
[Result "1/2-1/2"]
[Round "09"]
[TimeControl "180+2"]
[Date "2023.01.31"]
[WhiteClock "0:00:05"]
[BlackClock "0:00:29"]

1. e4 g6 2. d4 Bg7 3. Nc3 c6 4. Nf3 d5 5. h3 Nh6 6. e5 f6 7. Bf4 Nf7 8. exf6 exf6 9. Bd3 O-O 10. Qd2 Re8+ 11. Ne2 Nd6 12. Bxd6 Qxd6 13. O-O-O Qf8 14. Kb1 Bh6 15. Nf4 Qd6 16. g3 Be6 17. Rde1 Nd7 18. Nh4 Bf7 19. Nhg2 Rxe1+ 20. Rxe1 Re8 21. Rxe8+ Bxe8 22. Qa5 a6 23. Qd8 Kf7 24. Nxg6 hxg6 25. Bxg6+ Kxg6 26. Qxe8+ Kh7 27. Nh4 Nf8 28. Qf7+ Kh8 29. Qh5 Qe6 30. Qxh6+ Kg8 31. a4 Qe1+ 32. Ka2 Qxf2 33. Ng6 Nxg6 34. Qxg6+ Kf8 35. c3 Qf1 36. h4 b5 37. a5 Qc4+ 38. Kb1 Qf1+ 39. Ka2 Qc4+ 40. b3 Qxc3 41. Qxf6+ Ke8 42. Qe5+ Kd7 43. Qg7+ Ke8 44. Qg6+ Kd7 45. Qf7+ Kd8 46. Qf8+ Kd7 47. Qf7+ Kd8 48. Qf8+ Kd7 49. Qf7+ 1/2-1/2


[Site "https://www.chess.com"]

[Event "Titled Tuesday Blitz January 31 Late 2023"]
[White "Bok, Benjamin"]
[Black "Dardha, Daniel"]
[WhiteFideId "1017063"]
[BlackFideId "240990"]
[WhiteElo "2607"]
[BlackElo "2631"]
[Result "1-0"]
[Round "09"]
[TimeControl "180+2"]
[Date "2023.01.31"]
[WhiteClock "0:00:06"]
[BlackClock "0:00:02"]

1. d4 Nf6 2. c4 e6 3. Nc3 d5 4. cxd5 Nxd5 5. e4 Nxc3 6. bxc3 c5 7. Rb1 Be7 8. Nf3 O-O 9. h4 b6 10. h5 h6 11. Rh3 cxd4 12. cxd4 Bb7 13. Bd3 Nc6 14. Rg3 Kh8 15. Be2 f5 16. d5 exd5 17. exd5 Nb4 18. Bb2 Rg8 19. Ne5 Bxd5 20. Ng6+ Kh7 21. Nxe7 Qxe7 22. Ba3 Rae8 23. Rxb4 Qc5 24. Rd4 Qa5+ 25. Bb4 Qxa2 26. Kf1 f4 27. Ra3 Qb2 28. Rxd5 Qxb4 29. Rxa7 Kh8 30. Rdd7 Rc8 31. Kg1 Qb2 32. Kh2 Qe5 33. Bf3 Rc5 34. Qd3 Qf6 35. Qg6 Qh4+ 36. Kg1 Rc1+ 37. Rd1 Rxd1+ 38. Bxd1 Qd8 39. Bc2 1-0


[Site "https://www.chess.com"]

[Event "Titled Tuesday Blitz January 31 Late 2023"]
[White "Dominguez Perez, Leinier"]
[Black "Yoo, Christopher Woojin"]
[WhiteFideId "3503240"]
[BlackFideId "30909694"]
[WhiteElo "2739"]
[BlackElo "2607"]
[Result "1/2-1/2"]
[Round "09"]
[TimeControl "180+2"]
[Date "2023.01.31"]
[WhiteClock "0:00:02"]
[BlackClock "0:00:05"]

1. d4 Nf6 2. Nf3 d5 3. e3 Bf5 4. Nbd2 e6 5. c4 Nbd7 6. Nh4 Be4 7. Be2 dxc4 8. O-O Bd5 9. Nxc4 c5 10. Nf3 Be7 11. b3 cxd4 12. Nxd4 O-O 13. Bb2 a6 14. Rc1 b5 15. Nd2 Qb6 16. Bf3 Rac8 17. Qe2 Qa5 18. a3 Bxa3 19. Ra1 b4 20. Bxd5 Qxd5 21. Bxa3 bxa3 22. Rxa3 e5 23. N4f3 e4 24. Nd4 Nc5 25. b4 Nd3 26. Nxe4 Nxe4 27. Qxd3 Rb8 28. Ra5 Qb7 29. Rxa6 Rfc8 30. Ra3 Qxb4 31. Rb3 Nc5 32. Rxb4 Nxd3 33. Rxb8 Rxb8 34. Rd1 Ne5 35. h3 g6 36. g4 Rb2 37. Kg2 Kg7 38. Kg3 Nc4 39. Nf3 Rb6 40. Rd4 Rc6 41. h4 h6 42. g5 hxg5 43. hxg5 Nd6 44. Nh4 Nb5 45. Rd3 Nd6 46. f3 Nc4 47. f4 Ra6 48. Nf3 Re6 49. Kf2 Nd6 50. Ne5 Ne4+ 51. Ke2 Nxg5 52. Rd7 Re8 53. Ra7 Kg8 54. Ng4 Ne4 55. Nh6+ Kg7 56. Nxf7 Kf6 57. Nh6 g5 58. Ng4+ Kf5 59. Nh6+ Kg6 60. Ra6+ Kh5 61. Nf5 Rf8 62. Kf3 Nd2+ 63. Ke2 Rxf5 64. Kxd2 gxf4 65. exf4 Rxf4 66. Ra5+ Kg4 67. Ra3 Rf3 68. Rxf3 Kxf3 1/2-1/2


[Site "https://www.chess.com"]

[Event "Titled Tuesday Blitz January 31 Late 2023"]
[White "Zhigalko, Sergei"]
[Black "Lenderman, Aleksandr"]
[WhiteFideId "13502956"]
[BlackFideId "2021285"]
[WhiteElo "2572"]
[BlackElo "2572"]
[Result "0-1"]
[Round "09"]
[TimeControl "180+2"]
[Date "2023.01.31"]
[WhiteClock "0:00:05"]
[BlackClock "0:00:44"]

1. e4 c6 2. d4 d5 3. e5 Bf5 4. Nf3 e6 5. Be2 c5 6. Be3 cxd4 7. Nxd4 Ne7 8. Nd2 Nbc6 9. N2f3 a6 10. O-O Be4 11. c3 Qc7 12. Qa4 Rd8 13. Rfe1 Bxf3 14. Nxf3 Nf5 15. Bf4 Bc5 16. Bd3 Ne7 17. Rad1 Ng6 18. Bg3 O-O 19. Qc2 Rfe8 20. h4 Nf8 21. h5 h6 22. Qa4 Nd7 23. Bb1 Nf8 24. Qg4 Qb6 25. b4 Be7 26. Bf4 Kh8 27. Rd3 f5 28. exf6 Bxf6 29. Be3 Qc7 30. Bc5 Be7 31. Bd4 Nxd4 32. Nxd4 e5 33. Nf5 Bg5 34. Red1 e4 35. Rxd5 Rxd5 36. Rxd5 Qxc3 37. Qd1 e3 38. fxe3 Bxe3+ 39. Nxe3 Qxe3+ 40. Kh1 Qf2 0-1


[Site "https://www.chess.com"]

[Event "Titled Tuesday Blitz January 31 Late 2023"]
[White "So, Wesley"]
[Black "Hansen, Eric"]
[WhiteFideId "5202213"]
[BlackFideId "2606771"]
[WhiteElo "2760"]
[BlackElo "2609"]
[Result "1-0"]
[Round "09"]
[TimeControl "180+2"]
[Date "2023.01.31"]
[WhiteClock "0:00:28"]
[BlackClock "0:00:01"]

1. e4 e5 2. Nf3 Nc6 3. Bc4 Bc5 4. c3 Nf6 5. d4 exd4 6. e5 d5 7. Be2 Ne4 8. cxd4 Bb4+ 9. Bd2 Nxd2 10. Nbxd2 O-O 11. O-O Bf5 12. a3 Ba5 13. Rc1 Bb6 14. Nb3 Qe7 15. h3 f6 16. Bb5 Nd8 17. Bd3 Bxd3 18. Qxd3 fxe5 19. Nxe5 Ne6 20. Rce1 Qd6 21. g3 Rae8 22. Nf3 c5 23. dxc5 Nxc5 24. Nxc5 Bxc5 25. Kg2 Bb6 26. Rxe8 Rxe8 27. Rd1 Rd8 28. h4 g6 29. Rd2 Qe6 30. a4 Qg4 31. b3 Qe6 32. h5 Qf6 33. hxg6 hxg6 34. Qb5 Qc6 35. Qxc6 bxc6 36. Ne5 Rd6 37. b4 Re6 38. Nd7 Re7 39. Nb8 Re6 40. Rc2 d4 41. Rxc6 Rxc6 42. Nxc6 d3 43. Kf3 d2 44. Ke2 Bxf2 45. g4 Kf7 46. Ne5+ Kf6 47. Nf3 Bb6 48. Kxd2 Ke6 49. Kd3 Kd5 50. Nh4 g5 51. Nf3 Bd8 52. Ne1 Be7 53. b5 Bb4 54. Nf3 Be7 55. Nd4 1-0


[Site "https://www.chess.com"]

[Event "Titled Tuesday Blitz January 31 Late 2023"]
[White "Duda, Jan-Krzysztof"]
[Black "Galchenko, Matvey"]
[WhiteFideId "1170546"]
[BlackFideId "24175480"]
[WhiteElo "2724"]
[BlackElo "2438"]
[Result "1-0"]
[Round "09"]
[TimeControl "180+2"]
[Date "2023.01.31"]
[WhiteClock "0:00:04"]
[BlackClock "0:00:04"]

1. b4 c6 2. Bb2 a5 3. a3 axb4 4. axb4 Rxa1 5. Bxa1 Qb6 6. c3 e5 7. e3 d5 8. Nf3 Bd6 9. c4 Qxb4 10. cxd5 Nf6 11. Nxe5 cxd5 12. Nd3 Qh4 13. g3 Qh6 14. Bg2 O-O 15. O-O Ng4 16. h3 Nf6 17. Bxf6 Qxf6 18. Nc3 d4 19. Nd5 Qd8 20. e4 Nc6 21. f4 Ne7 22. Nxe7+ Bxe7 23. e5 Qb6 24. f5 Bd7 25. Nf4 Bg5 26. Nd5 Qh6 27. Qg4 Kh8 28. d3 Bc6 29. h4 Be3+ 30. Kh2 Rd8 31. e6 Bxd5 32. Bxd5 Qf6 33. Bg2 b5 34. Qe4 Re8 35. Qc6 Qe7 36. exf7 Qxf7 37. Qxb5 Rf8 38. Qc6 Qe7 39. Be4 Qe5 40. Kh3 Qf6 41. Qxf6 Rxf6 42. Rb1 Rf8 43. Rb7 Rd8 44. f6 gxf6 45. Rxh7+ Kg8 46. Rb7 Re8 47. Kg4 Re5 48. Bf5 Kf8 49. h5 Kg8 50. Bg6 Bh6 51. Kf3 Re3+ 52. Kf2 Re5 53. g4 Bg5 54. Be4 Bh6 55. Rd7 Be3+ 56. Kf3 Ra5 57. Bd5+ Kh8 58. Ke4 Ra1 59. Kf5 Rg1 60. Be6 1-0


[Site "https://www.chess.com"]

[Event "Titled Tuesday Blitz January 31 Late 2023"]
[White "Kravtsiv, Martyn"]
[Black "Martinez Alcantara, Jose Eduardo"]
[WhiteFideId "14113147"]
[BlackFideId "3805662"]
[WhiteElo "2598"]
[BlackElo "2619"]
[Result "1-0"]
[Round "09"]
[TimeControl "180+2"]
[Date "2023.01.31"]
[WhiteClock "0:00:12"]
[BlackClock "0:00:10"]

1. e4 e5 2. Nf3 Nf6 3. Nc3 d6 4. d4 Nbd7 5. Bc4 Be7 6. a4 O-O 7. O-O c6 8. Re1 Qc7 9. h3 b6 10. d5 Bb7 11. Re2 Rac8 12. dxc6 Bxc6 13. Ba6 Bb7 14. Bxb7 Qxb7 15. Bg5 h6 16. Bxf6 Nxf6 17. Nh4 g6 18. Qd2 Kg7 19. g3 Rc4 20. Qd3 Rfc8 21. Ng2 a6 22. Ra3 d5 23. Rb3 dxe4 24. Qd2 Bb4 25. Ne3 Bxc3 26. bxc3 Rxa4 27. Qd6 Rc6 28. Qxe5 Qd7 29. Kg2 Re6 30. Qb8 b5 31. c4 Re8 32. Qf4 bxc4 33. Rb6 Re6 34. Rxe6 Qxe6 35. Rd2 Ra5 36. Rd6 Qe5 37. Qxe5 Rxe5 38. Rxa6 Rc5 39. Kf1 Nd7 40. Rd6 Ne5 41. Rd5 Rxd5 42. Nxd5 f5 43. Ke2 Kf7 44. Ke3 Ke6 45. Kd4 Kd6 46. Ne3 Nf3+ 47. Kxc4 Ng1 48. h4 Nh3 49. Nd1 Ke5 50. Kb5 g5 51. hxg5 hxg5 52. c4 f4 53. c5 e3 54. gxf4+ gxf4 55. fxe3 fxe3 56. Nxe3 Nf4 57. c6 Ne6 58. Kb6 Kd6 59. Nc4+ Kd5 60. Nd2 Kd6 61. Nb3 Nc7 62. Nd4 Nd5+ 63. Kb7 Kc5 64. Ne6+ Kd6 65. Ng5 Ne7 66. c7 Kd7 67. Ne4 Ke6 68. Nc5+ Kd6 69. Nd3 Kd5 70. Nf4+ Kd6 71. Ng6 Nxg6 72. c8=Q Ne5 73. Qc7+ Kd5 74. Qe7 Ke4 75. Kc7 Kd4 76. Kd6 Nc4+ 77. Ke6 Ne3 78. Qh4+ Kd3 79. Qg3 Ke4 80. Qh4+ Kd3 81. Ke5 Nc4+ 82. Kd5 Ne3+ 83. Kc5 Kd2 84. Qe4 Nc2 85. Qf3 Ne1 86. Qf2+ Kd1 87. Kd4 Nc2+ 88. Kc3 1-0


[Site "https://www.chess.com"]

[Event "Titled Tuesday Blitz January 31 Late 2023"]
[White "Bortnyk, Olexandr"]
[Black "Bryakin, Mikhail"]
[WhiteFideId "14120828"]
[BlackFideId "4165314"]
[WhiteElo "2605"]
[BlackElo "2455"]
[Result "1-0"]
[Round "09"]
[TimeControl "180+2"]
[Date "2023.01.31"]
[WhiteClock "0:01:24"]
[BlackClock "0:00:24"]

1. d4 d6 2. e4 e5 3. Nf3 Nd7 4. Nc3 Ngf6 5. Bc4 Be7 6. O-O O-O 7. Re1 c6 8. a4 a5 9. h3 Qc7 10. Be3 b5 11. axb5 Bb7 12. bxc6 Bxc6 13. d5 Bb7 14. b3 Nb6 15. Nb5 Qd8 16. Bd3 Nfd7 17. c4 Qc8 18. Qe2 Nc5 19. Bc2 Nbd7 20. Ra2 Ra6 21. Rea1 Bd8 22. Bd2 Qa8 23. Qe1 f5 24. exf5 Bf6 25. Ng5 e4 26. Rb1 Qb8 27. Ne6 Re8 28. Bxe4 1-0


[Site "https://www.chess.com"]

[Event "Titled Tuesday Blitz January 31 Late 2023"]
[White "Svane, Rasmus"]
[Black "Timmermans, Mark"]
[WhiteFideId "4657101"]
[BlackFideId "1026399"]
[WhiteElo "2623"]
[BlackElo "2392"]
[Result "0-1"]
[Round "09"]
[TimeControl "180+2"]
[Date "2023.01.31"]
[WhiteClock "0:00:02"]
[BlackClock "0:00:19"]

1. Nf3 Nf6 2. g3 e6 3. Bg2 d5 4. O-O Be7 5. c4 O-O 6. b3 b6 7. Bb2 Bb7 8. d4 dxc4 9. bxc4 Nbd7 10. Nc3 Ne4 11. Qd3 Nxc3 12. Bxc3 c5 13. d5 exd5 14. cxd5 c4 15. Qc2 Bf6 16. e4 Bxc3 17. Qxc3 Nc5 18. Rfe1 b5 19. Nd4 Nd3 20. Reb1 Qf6 21. f4 a6 22. a4 Nc5 23. axb5 Nb3 24. Rxb3 cxb3 25. Rd1 axb5 26. Qxb3 Ra4 27. e5 Qb6 28. Qxb5 Qa7 29. Qd3 Bxd5 30. Bxd5 Rd8 31. Qe4 Qc5 32. Bxf7+ Kxf7 33. e6+ Ke8 34. Qb7 Rdxd4 35. Qf7+ Kd8 36. Qg8+ Kc7 37. Rxd4 Qxd4+ 38. Kg2 Qd5+ 39. Kf2 Ra2+ 40. Ke3 Ra3+ 41. Kf2 Qd2+ 42. Kf1 Ra1# 0-1


[Site "https://www.chess.com"]

[Event "Titled Tuesday Blitz January 31 Late 2023"]
[White "Chigaev, Maksim"]
[Black "Petkov, Momchil"]
[WhiteFideId "4108116"]
[BlackFideId "2921642"]
[WhiteElo "2628"]
[BlackElo "2522"]
[Result "0-1"]
[Round "09"]
[TimeControl "180+2"]
[Date "2023.01.31"]
[WhiteClock "0:00:08"]
[BlackClock "0:00:10"]

1. e4 c5 2. Nf3 e6 3. d4 cxd4 4. Nxd4 a6 5. g3 d5 6. Nb3 Nf6 7. exd5 exd5 8. Bg2 Bg4 9. Qd3 Nc6 10. O-O Be7 11. Nc3 Nb4 12. Qd2 Bf5 13. Nd4 Bg6 14. b3 O-O 15. Bb2 Ne4 16. Nxe4 dxe4 17. a3 Nc6 18. Rfd1 Ne5 19. Qe2 Qc7 20. Bxe4 Bf6 21. Bxg6 hxg6 22. f4 Nc6 23. Rab1 Rfe8 24. Qf2 Re4 25. Nxc6 Qxc6 26. Bxf6 gxf6 27. Re1 f5 28. Rxe4 fxe4 29. Rd1 Qc3 30. Qd2 Qf3 31. Rf1 Qh5 32. Qe3 Re8 33. c4 Qg4 34. Kg2 Qd7 35. Re1 Qd6 36. b4 Qc6 37. c5 Qd5 38. h3 Re7 39. Re2 Qc4 40. Rd2 Re8 41. Rd4 Qc2+ 42. Rd2 Qc4 43. h4 Qc1 44. Re2 Qd1 45. f5 gxf5 46. Rf2 Qd5 47. Kh2 Re5 48. Qg5+ Kf8 49. Qe3 Qd3 50. Qxd3 exd3 51. Kg2 Re3 52. Rd2 Ke7 53. Kf2 f4 54. gxf4 Rh3 55. a4 Ke6 56. a5 Kd5 57. h5 Kc4 58. h6 Rxh6 59. Ke3 Rh3+ 60. Ke4 Kc3 61. Rg2 d2 62. Rg1 Kc2 63. Kd5 Rh6 64. Rf1 d1=Q+ 65. Rxd1 Kxd1 66. f5 Rc6 67. Ke5 f6+ 68. Kd5 Kc2 69. Kc4 Kb2 70. b5 axb5+ 71. Kxb5 Kc3 72. a6 Rxa6 73. c6 Rxc6 0-1


[Site "https://www.chess.com"]

[Event "Titled Tuesday Blitz January 31 Late 2023"]
[White "Mekhitarian, Krikor Sevag"]
[Black "Oparin, Grigoriy"]
[WhiteFideId "2107660"]
[BlackFideId "24125890"]
[WhiteElo "2537"]
[BlackElo "2667"]
[Result "0-1"]
[Round "09"]
[TimeControl "180+2"]
[Date "2023.01.31"]
[WhiteClock "0:01:26"]
[BlackClock "0:01:40"]

1. e4 c5 2. Nf3 d6 3. Bc4 Nf6 4. d3 e6 5. O-O Be7 6. a3 O-O 7. Re1 Bd7 8. Nc3 Nc6 9. Ba2 a6 10. h3 b5 11. Bf4 Qb6 12. e5 dxe5 13. Nxe5 Nxe5 14. Bxe5 Bc6 15. Ne2 Rad8 16. Qc1 Qb7 17. Qg5 h6 18. Qg3 Kh7 19. Rad1 Nh5 20. Qg4 f5 21. Qxh5 g6 22. Qxg6+ Kxg6 23. Nf4+ Kh7 24. Bxe6 Bg5 25. f3 Rde8 26. c3 Bxf4 27. Bxf4 Bxf3 28. d4 0-1


[Site "https://www.chess.com"]